 Dungeon Crawl Stone Soup version 0.30-a0-1075-gcd70e7a56d (webtiles) character file.

Game seed: 16373697665796641448

49 tsouns the Insei (level 3, -2/27 HPs)
             Began as a Demonspawn Transmuter on Apr 14, 2023.
             Was a Follower of Cheibriados.
             Slain by an orc
             ... wielding a +0 falchion
              (6 damage)
             ... on level 3 of the Dungeon.
             The game lasted 00:02:25 (1584 turns).

tsouns the Insei (Demonspawn Transmuter)            Turns: 1584, Time: 00:02:25

Health: -2/27      AC:  2    Str: 13    XL:     3   Next: 51%
Magic:  6/6        EV: 12    Int: 19    God:    Cheibriados [*.....]
Gold:   111        SH:  0    Dex: 16    Spells: 3/6 levels left

rFire   . . .      SeeInvis .      - Unarmed
rCold   + . .      Faith    .    (no shield)
rNeg    . . .      Spirit   .    a - +0 robe
rPois   .          Reflect  .    (helmet restricted)
rElec   .          Rampage  .    (no cloak)
rCorr   .                        (no gloves)
Will    .....                    (no boots)
Stlth   +                        (no amulet)
HPRegen 0.24/turn                f - ring of protection from cold
MPRegen 0.10/turn                (no ring)

@: very slow
A: horns 1, powered by death 1
a: Renounce Religion, Bend Time


You were on level 3 of the Dungeon.
You worshipped Cheibriados.
Cheibriados was aware of your devotion.
You visited 1 branch of the dungeon, and saw 3 of its levels.

You collected 111 gold pieces.

Inventory:

Armour
 a - a +0 robe (worn)
 k - a +0 kite shield
Jewellery
 f - a ring of protection from cold (left hand)
 m - a ring of ice
Scrolls
 c - 2 scrolls of teleportation {unknown}
 h - 2 scrolls of identify {unknown}
 q - a scroll of enchant weapon {unknown}
Potions
 b - a potion of lignification
 d - a potion of cancellation {unknown}
 e - 2 potions of curing {unknown}
 g - a potion of might {unknown}
 i - a potion of flight {unknown}
 j - a potion of ambrosia {unknown}
 l - a potion of haste {unknown}
 n - a potion of attraction {unknown}
 o - a potion of degeneration {unknown}
 p - a potion of brilliance {unknown}


   Skills:
 + Level 2.1 Fighting
 - Level 1.7 Dodging
 + Level 3.2 Unarmed Combat
 - Level 2.0 Spellcasting
 + Level 2.4 Transmutations


You had 3 spell levels left.
You knew the following spells:

 Your Spells              Type           Power      Damage    Failure   Level
a - Beastly Appendage     Tmut           22%        N/A       6%          1
b - Wereblood             Tmut           11%        N/A       10%         2

Your spell library contained the following spells:

 Spells                   Type           Power      Damage    Failure   Level
 Spider Form              Tmut/Pois      6%         N/A       30%         3
 Ice Form                 Ice/Tmut       6%         N/A       71%         4


Dungeon Overview and Level Annotations

Branches:
Dungeon (3/15)

Altars:
Cheibriados

Shops:
D:1 =


Innate Abilities, Weirdness & Mutations

You have a pair of small horns on your head.
You regenerate a little health from kills.


Message History

The hobgoblin hits you but does no damage.
You hit the hobgoblin.
You kill the hobgoblin!
Cheibriados appreciates the change of pace.
No target in view!
No target in view!
No target in view!
No target in view!
No target in view!
No target in view!
No target in view!
No target in view!
No target in view!
No target in view!
No target in view!
No target in view!
No target in view!
There is an open door here.
You open the door.
There is an open door here.
Done exploring.
Done exploring.
There is a stone staircase leading down here.
You climb downwards.
There is a stone staircase leading up here.
An orc comes into view. It is wielding a +0 falchion.
An orc priest comes into view. It is wielding a +0 flail.
The orc priest shouts!
The orc shouts!
You hear a shout!
An orc comes into view. It is wielding a +0 dagger.
You hear a shout!
The orc priest invokes the aid of Beogh against you.
Beogh smites you!
Ouch! That really hurt!
A giant cockroach comes into view.
The orc attacks as you move away! The orc barely misses you.
The orc priest mumbles some strange prayers to Beogh against you.
Beogh smites you!
* * * LOW HITPOINT WARNING * * *
The orc hits you with a +0 falchion.
You die...

##..######
..B.oo...#
##.#####.#
#.# #o#
#.# #.#
#.#####
#.o@.<#
#######


You could see an orc.

Vanquished Creatures
  An adder (D:2)
  3 worms (D:2)
  2 bats (D:2)
  An endoplasm (D:2)
  4 giant cockroaches
  3 goblins (D:1)
  3 hobgoblins
  2 kobolds
  A quokka (D:2)
  5 ball pythons
  2 frilled lizards (D:1)
  2 rats
29 creatures vanquished.

Vanquished Creatures (others)
  A plant (D:2)
1 creature vanquished.

Grand Total: 30 creatures vanquished

Notes
Turn   | Place    | Note
-------+----------+-------------------------------------------
     0 | D:1      | tsouns the Demonspawn Transmuter began the quest for the
                  | Orb.
     0 | D:1      | Reached XP level 1. HP: 15/15 MP: 3/3
   350 | D:1      | Found Hennilie's Jewellery Emporium.
   354 | D:1      | Gained mutation: You regenerate a little health from kills.
                  | [demonic ancestry]
   354 | D:1      | Reached XP level 2. HP: 20/21 MP: 3/5
   565 | D:1      | Reached skill level 3 in Unarmed Combat
   804 | D:1      | Learned a level 2 spell: Wereblood
   838 | D:2      | Found a faded altar of an unknown god.
   973 | D:2      | Prayed at the altar of an unknown god.
   973 | D:2      | Became a worshipper of Cheibriados the Contemplative
   973 | D:2      | Reached * piety under Cheibriados
  1093 | D:2      | Mutation became permanent: You have a pair of small horns
                  | on your head. [demonic ancestry]
  1093 | D:2      | Gained mutation: You have a pair of horns on your head.
                  | [demonic ancestry]
  1093 | D:2      | Reached XP level 3. HP: 27/27 MP: 4/6
  1584 | D:3      | Slain by an orc

Illustrated notes

Levels and vault maps discovered:
D:1:      dpeg_arrival_signposts, layout_loops_ring, serial_shops,
          nicolae_shop_crystal
D:2:      layout_basic, dreamdust_ecumenical_altar_hidden_monk_grotto
D:3:      layout_basic, riverfiend_overflow_shadow_ancestor,
          kennysheep_generic_room_6

Skill      XL: |  1  2  3 |
---------------+----------+-----
Transmutations | 2 |  2.4
Unarmed Combat | 3 |  3.2
Fighting       | 2 |  2.1
Dodging        | |  1.7
Spellcasting   | |  2.0

Action                     || total
---------------------------++-------
  Melee: Unarmed           ||   106
         Kick              ||    15
         Headbutt          ||     8
         Punch             ||     2
   Cast: Beastly Appendage ||    10
 Armour: Robe              ||    22
  Dodge: Dodged            ||    72

Table legend: (Time is in decaauts)
 A = Elapsed time spent in this place.
 B = Non-inter-level travel time spent in this place.
 C = Inter-level travel time spent in this place.
 D = Time resting spent in this place.
 E = Time spent auto-exploring this place.
 F = Levels seen in this place.
 G = Mean time per level.
                   A        B        C        D        E       F      G
               +--------+--------+--------+--------+--------+-----+--------+
         Total |   1767 |   1700 |     67 |      0 |   1409 |   3 |  589.0 |
       Dungeon |   1767 |   1700 |     67 |      0 |   1409 |   3 |  589.0 |
               +--------+--------+--------+--------+--------+-----+--------+

Top non-repeatable levels by time:
     D:2: 908 daAuts
     D:1: 832 daAuts
     D:3: 26 daAuts
